 Dungeon Crawl Stone Soup version 0.30-a0-672-gc3a7216ad8 (webtiles) character file.

Game seed: 6057863636640990111

3172 BigDaddyOpFi the Trooper (level 9, -4/72 HPs)
             Began as a Demonspawn Fighter on Jan 18, 2023.
             Slain by Joseph
             ... wielding a +0 quarterstaff
              (8 damage)
             ... on level 7 of the Dungeon.
             The game lasted 00:06:46 (7107 turns).

BigDaddyOpFi the Trooper (Demonspawn Fighter)       Turns: 7107, Time: 00:06:47

Health: -4/72      AC: 12    Str: 28    XL:     9   Next: 63%
Magic:  9/9        EV: 13    Int: 11    God:
Gold:   761        SH:  5    Dex: 12    Spells: 8/8 levels left

rFire   . . .      SeeInvis .    q - +5 flail of a sewer {vamp, rN++ Str+2}
rCold   . . .      Faith    .    c - +0 buckler
rNeg    + + .      Spirit   .    v - +1 chain mail
rPois   .          Reflect  .    z - +0 helmet
rElec   .          Harm     .    (no cloak)
rCorr   .          Rampage  .    (no gloves)
Will    .....                    p - +0 pair of boots Stlth
                                 (no amulet)
HPRegen 0.32/turn                i - +6 ring of strength
MPRegen 0.11/turn                J - +5 ring of evasion

@: mighty, brilliant, corroded
A: slimy green scales 1, spiny 2
a: no special abilities


You were on level 7 of the Dungeon.
You visited 2 branches of the dungeon, and saw 8 of its levels.

You collected 761 gold pieces.

Inventory:

Hand Weapons
 a - a +0 war axe
 q - the +5 flail of a sewer (weapon) {vamp, rN++ Str+2}
   (You took it off a kobold on level 3 of the Dungeon)

   Str:       It affects your strength (+2).
   rN:        It greatly protects you from negative energy.
Missiles
 r - 3 boomerangs of dispersal (quivered)
 x - a throwing net
Armour
 c - a +0 buckler (worn)
 p - a +0 pair of boots (worn)
 s - the +1 scale mail of Loteim {rElec}
   (You found it on level 3 of the Dungeon)

   rElec:     It insulates you from electricity.
 v - a +1 chain mail (worn)
 z - a +0 helmet (worn)
Jewellery
 h - a +6 ring of strength
 i - a +6 ring of strength (left hand)
 C - a ring of fire
 F - a +4 ring of protection
 J - a +5 ring of evasion (right hand)
 K - a +4 ring of slaying
Wands
 k - a wand of polymorph (7)
 A - a wand of flame (46)
 G - a wand of light (3)
 L - a wand of charming (11)
Scrolls
 b - a scroll of fear
 l - 7 scrolls of noise
 o - 2 scrolls of magic mapping
 u - 3 scrolls of teleportation {unknown}
 y - 2 scrolls of enchant armour
 B - 2 scrolls of fog
 I - 3 scrolls of identify
Potions
 e - a potion of flight
 f - 2 potions of brilliance
 g - a potion of resistance {unknown}
 j - a potion of attraction {unknown}
 m - 3 potions of curing {unknown}
 n - a potion of lignification {unknown}
 t - 3 potions of haste {unknown}
 w - 2 potions of mutation {unknown}
 D - a potion of berserk rage {unknown}
 E - 3 potions of ambrosia {unknown}
 H - a potion of heal wounds


   Skills:
 + Level 7.4 Fighting
 - Level 2.9(4.6) Axes
 + Level 5.5(5.9) Maces & Flails
 + Level 6.8 Armour
 + Level 6.8 Shields


You had 8 spell levels left.
You didn't know any spells.
Your spell library contained the following spells:

 Spells                   Type           Power      Damage    Failure   Level
 Freeze                   Ice            0%         1d3       91%         1
 Summon Small Mammal      Summ           0%         N/A       91%         1
 Call Canine Familiar     Summ           0%         N/A       100%        3
 Frozen Ramparts          Ice            0%         1d1       100%        3
 Hailstorm                Conj/Ice       0%         3d3       100%        3
 Summon Guardian Golem    Hex/Summ       0%         N/A       100%        3


Dungeon Overview and Level Annotations

Branches:
Dungeon (7/15)             Temple (1/1) D:5

Altars:
Ashenzari
Cheibriados
Dithmenos
Fedhas
Kikubaaqudgha
Okawaru
Qazlal
Sif Muna
Trog
Uskayaw
Vehumet
Wu Jian
Xom
Yredelemnul

Shops:
D:2 ?

Annotations:
D:7 Joseph


Innate Abilities, Weirdness & Mutations

You are partially covered in slimy green scales. (AC +2)
You are mostly covered in sharp spines.


Message History

Joseph wields a +0 quarterstaff.
Joseph is struck by your spines. Joseph hits you but does no damage.
The wyvern is struck by your spines. The wyvern bites you.
Items here: )) [ †††.
You thump the orc warrior!
The orc warrior is moderately wounded.
The wyvern bites you but does no damage.
You block the orc warrior's attack. The orc closely misses you.
Joseph is struck by your spines. Joseph hits you with a +0 quarterstaff.
The wyvern is struck by your spines. The wyvern misses you.
You barely miss the orc warrior.
The orc warrior is moderately wounded.
The orc warrior barely misses you. The orc hits you with a +0 dagger.
You block the wyvern's attack. Joseph is struck by your spines.
Joseph hits you with a +0 quarterstaff.
You bludgeon the orc warrior!!
You feel better.
You kill the orc warrior!
The wyvern is struck by your spines.
The wyvern bites you but does no damage.
The orc hits you but does no damage. You block Joseph's attack.
The wyvern closely misses you. You block the orc's attack.
The wyvern is struck by your spines. The wyvern bites you.
Joseph hits you with a +0 quarterstaff.
Items here: $ ) [ †.
You sock Joseph!
You feel better.
Joseph is moderately wounded.
The wyvern is struck by your spines. The wyvern bites you.
The orc completely misses you. Joseph hits you with a +0 quarterstaff!
* * * LOW HITPOINT WARNING * * *
You block the wyvern's attack. The orc hits you but does no damage.
The jelly is struck by your spines. The jelly hits you.
* * * LOW HITPOINT WARNING * * *
The acid corrodes you!
You are splashed with acid!
* * * LOW HITPOINT WARNING * * *
You closely miss Joseph.
Joseph is moderately wounded.
The wyvern is struck by your spines.
You kill the wyvern!
Joseph hits you with a +0 quarterstaff!
You die...

...........................#..###
...#.........................####
#..#...##...######.............##
.....####...#....##........#.....
..##.# #..##.$.$.##......###....
.##..# ##..#...$...########......
.##..# #...#..$....#......#......
.....# #...#...J...#......#.##...
.....####..##.$@@o##......#..#...
............#..†)###......#......
.......##...####'# #...†..#......
#......###..####.###......#......
...........###.....#'#'######>...
.........#.#.......))#.# ######..
#........###.(.......#.###....##.
#.....#..###.........#.##......##
#.....#....#.........#.'........#


You could see Joseph, a jelly and an orc.

Vanquished Creatures
  A wyvern (D:7)
  2 steam dragons (D:6)
  2 orc warriors (D:7)
  A sky beast (D:7)
  2 ice beasts (D:7)
  An ogre (D:7)
  3 phantoms
  A kobold brigand (D:6)
  5 bullfrogs
  A gnoll sergeant (D:7)
  4 scorpions
  2 necrophages (D:7)
  5 wights (D:6)
  A killer bee (D:7)
  2 howler monkeys (D:7)
  An electric eel (D:6)
  A crimson imp (D:4)
  5 hounds
  2 jellies
  3 orc priests
  6 iguanas
  8 orc wizards
  6 adders
  4 gnolls (D:4)
  2 white imps (D:7)
  2 ufetubi (D:6)
  3 worms
  A dart slug (D:1)
  26 orcs
  5 bats
  8 endoplasms
  2 giant cockroaches
  2 goblins
  4 hobgoblins
  3 jackals (D:1)
  13 kobolds
  5 quokkas
  8 ball pythons
  A frilled lizard (D:3)
  A goblin skeleton (D:4)
  2 goblin zombies (D:4)
  4 hobgoblin zombies (D:4)
  A kobold skeleton (D:4)
  An orc zombie (D:4)
  6 rats
169 creatures vanquished.

Vanquished Creatures (others)
  An orc wizard (D:7)
  2 demonic plants (D:2)
  8 fungi
  3 plants (D:2)
14 creatures vanquished.

Grand Total: 183 creatures vanquished

Notes
Turn   | Place    | Note
-------+----------+-------------------------------------------
     0 | D:1      | BigDaddyOpFi the Demonspawn Fighter began the quest for the
                  | Orb.
     0 | D:1      | Reached XP level 1. HP: 18/18 MP: 1/1
   139 | D:1      | Gained mutation: You are partially covered in slimy green
                  | scales. (AC +2) [demonic ancestry]
   139 | D:1      | Reached XP level 2. HP: 24/24 MP: 2/2
   926 | D:2      | Found Utunwi's Magic Scroll Shoppe.
   954 | D:2      | Noticed a scorpion
   960 | D:2      | Killed a scorpion
   961 | D:2      | Reached XP level 3. HP: 19/29 MP: 3/3
   961 | D:2      | Reached XP level 4. HP: 23/36 MP: 4/4
  1474 | D:2      | Found a faded altar of an unknown god.
  1564 | D:2      | You fall into a shaft and drop 1 floor!
  1580 | D:3      | Found a snail-covered altar of Cheibriados.
  2222 | D:3      | Gained mutation: You are partially covered in sharp spines.
                  | [demonic ancestry]
  2222 | D:3      | Reached XP level 5. HP: 21/42 MP: 5/5
  2510 | D:3      | Identified the +5 flail of a sewer {vamp, rN++ Str+2}
  2574 | D:3      | Identified the +1 scale mail of Loteim {rElec}
  2622 | D:3      | Found a radiant altar of Vehumet.
  2917 | D:4      | Reached skill level 4 in Fighting
  2961 | D:4      | Found a stormy altar of Qazlal.
  2984 | D:4      | Reached skill level 1 in Maces & Flails
  3214 | D:4      | Found a bloodstained altar of Trog.
  3215 | D:4      | Noticed a phantom
  3218 | D:4      | Killed a phantom
  3219 | D:4      | Reached XP level 6. HP: 49/49 MP: 6/6
  3286 | D:4      | Found a blossoming altar of Fedhas.
  3563 | D:5      | Entered Level 5 of the Dungeon
  3904 | D:5      | Found a staircase to the Ecumenical Temple.
  4007 | D:5      | Reached XP level 7. HP: 44/55 MP: 7/7
  4271 | D:6      | Found an ornate altar of the Wu Jian Council.
  4302 | D:6      | Reached skill level 5 in Fighting
  4890 | D:6      | Noticed a steam dragon
  4898 | D:6      | Killed a steam dragon
  4899 | D:6      | Reached skill level 5 in Armour
  4899 | D:6      | Reached skill level 5 in Shields
  4899 | D:6      | Gained mutation: You are mostly covered in sharp spines.
                  | [demonic ancestry]
  4899 | D:6      | Reached XP level 8. HP: 53/63 MP: 8/8
  4935 | D:6      | Found a hide-covered altar of Uskayaw.
  5092 | D:6      | Found a basalt altar of Yredelemnul.
  5442 | Temple   | Entered the Ecumenical Temple
  5647 | D:6      | Reached skill level 6 in Fighting
  6514 | D:7      | Reached XP level 9. HP: 52/71 MP: 9/9
  6551 | D:7      | Reached skill level 5 in Maces & Flails
  6819 | D:7      | Reached skill level 7 in Fighting
  7088 | D:7      | Noticed Joseph
  7107 | D:7      | Slain by Joseph

Illustrated notes

Levels and vault maps discovered:
D:1:      lemuel_arrival_broad_hall, layout_basic
D:2:      layout_loops_cross, shapermc_ecumenical_altar_gd, serial_shops,
          shop_scrolls, minmay_tetromino_s4
D:3:      layout_loops_cross, mainiacjoe_overflow_small_starburst,
          lemuel_doored_altar
D:4:      layout_gridville, grunt_temple_overflow_forces_of_nature,
          lightli_temple_of_fire, nicolae_tso_besieged_by_evil,
          dreamdust_princess_bridge
D:5:      layout_basic, minmay_temple_entry_fiery, kennysheep_another_room
D:6:      layout_loops_ring, lemuel_coloured_pillars_altar,
          nicolae_uskayaw_dance_studio, nicolae_wu_jian_wuxing_cycle,
          kennysheep_potato
D:7:      minmay_polygon_palace, layout_cave_pools, uniq_joseph
Temple:   hellmonk_temple_beads

Skill      XL: |  1  2  3  4  5  6  7  8  9 |
---------------+----------------------------+-----
Axes           | 2 |  2.9
Shields        | 3 4 5 6 |  6.8
Armour         | 3 4 5 6 |  6.8
Fighting       | 4 5 6 7 |  7.4
Maces & Flails | 1 2 3 4 5 |  5.5

Action                   |  1- 3 |  4- 6 |  7- 9 || total
-------------------------+-------+-------+-------++-------
Melee: War axe           |    51 |    78 |       ||   129
       Flail             |       |    89 |   193 ||   282
  Use: Potion            |     1 |     1 |     4 ||     6
       Scroll            |       |     4 |     4 ||     8
Armor: Scale mail        |    30 |    55 |       ||    85
       Chain mail        |       |    37 |    90 ||   127
Dodge: Dodged            |    22 |    58 |   132 ||   212
Block: Buckler           |    12 |    37 |    65 ||   114

Table legend: (Time is in decaauts)
 A = Elapsed time spent in this place.
 B = Non-inter-level travel time spent in this place.
 C = Inter-level travel time spent in this place.
 D = Time resting spent in this place.
 E = Time spent auto-exploring this place.
 F = Levels seen in this place.
 G = Mean time per level.
                   A        B        C        D        E       F      G
               +--------+--------+--------+--------+--------+-----+--------+
         Total |   7235 |   6923 |    312 |   1244 |   4544 |   8 |  904.4 |
       Dungeon |   7090 |   6819 |    271 |   1244 |   4450 |   7 | 1012.9 |
        Temple |    144 |    104 |     40 |      0 |     94 |   1 |  144.0 |
               +--------+--------+--------+--------+--------+-----+--------+

Top non-repeatable levels by time:
     D:6: 1914 daAuts
     D:2: 1176 daAuts
     D:1: 946 daAuts
     D:3: 802 daAuts
     D:5: 777 daAuts
     D:7: 763 daAuts
     D:4: 710 daAuts
  Temple: 144 daAuts
